 Dungeon Crawl Stone Soup version 0.26.0-10-g1f06aea511 (webtiles) character file.

Game seed: 17103275285615154520

939 ythm the Grappler (level 7, -2/62 HPs)
             Began as a Troll Hunter on Jan 14, 2021.
             Slain by Menkaure (10 damage)
             ... on level 6 of the Dungeon.
             The game lasted 00:06:59 (3561 turns).

ythm the Grappler (Troll Hunter)                    Turns: 3561, Time: 00:07:00

Health: -2/62      AC:  7    Str: 21    XL:     7   Next: 87%
Magic:  6/6        EV: 10    Int:  7    God:
Gold:   111        SH:  0    Dex: 12    Spells: 6/6 levels left

rFire    . . .     SeeInvis .     - Unarmed
rCold    . . .     Faith    .   (no shield)
rNeg     . . .     Spirit   .   b - +1 robe
rPois    .         Reflect  .   (helmet restricted)
rElec    .         Harm     .   (no cloak)
rCorr    .         Rampage  .   (gloves unavailable)
Will     .....                  (boots unavailable)
Stlth    +.........             (no amulet)
HPRegen  0.60/turn              e - +4 ring of slaying
MPRegen  0.10/turn              (no ring)

@: no status effects
A: large, unfitting armour, claws 3, regeneration 1, shaggy fur 1, tough skin 3
a: no special abilities


You were on level 6 of the Dungeon.
You visited 1 branch of the dungeon, and saw 6 of its levels.

You collected 258 gold pieces.
You spent 147 gold pieces at shops.

Inventory:

Hand Weapons
 v - a +1 dagger of venom
Missiles
 c - 4 large rocks (quivered)
 d - 2 throwing nets
 q - 45 poisoned darts
Armour
 b - a +1 robe (worn)
 u - a +0 tower shield
Jewellery
 e - a +4 ring of slaying (left claw)
 y - an uncursed ring of ice
Wands
 t - a wand of flame (23)
Scrolls
 h - 2 scrolls of enchant armour
 i - 3 scrolls of fog
 j - 3 scrolls of teleportation
 s - 4 scrolls of remove curse
 z - a scroll of identify
Potions
 a - 2 potions of berserk rage {unknown}
 f - a potion of haste {unknown}
 g - a potion of ambrosia
 k - 3 potions of mutation
 l - a potion of brilliance {unknown}
 n - 3 potions of curing
 o - a potion of attraction {unknown}
 p - a potion of flight {unknown}
 r - 4 potions of heal wounds
 x - a potion of degeneration {unknown}
 A - a potion of lignification {unknown}


   Skills:
 - Level 1.5 Fighting
 - Level 3.6 Throwing
 - Level 1.5 Dodging
 - Level 0.3 Stealth
 + Level 9.0 Unarmed Combat


You had 6 spell levels left.
You didn't know any spells.
Your spell library was empty.

Dungeon Overview and Level Annotations

Branches:
Dungeon (6/15)
 Temple: D:4-7

Altars:
Cheibriados
Nemelex Xobeh
Okawaru

Shops:
D:4 (**

Annotations:
D:5 Duvessa, Prince Ribbit
D:6 Menkaure


Innate Abilities, Weirdness & Mutations

You are too large for most types of armour.
You have claws for hands.
Your natural rate of healing is unusually fast.
You are covered in fur. (AC +1)
You have extremely tough skin. (AC +3)


Message History

You scratch the centaur but do no damage.
The centaur is severely wounded.
The centaur hits you but does no damage.
The centaur hits you!
You claw the centaur!
You kill the centaur!
Your Unarmed Combat skill increases to level 9!
You barely miss Menkaure. Menkaure hits you.
Unknown command.
You closely miss Menkaure. Menkaure hits you.
Unknown command.
You claw Menkaure!
Menkaure is heavily damaged.
Menkaure hits you!
* * * LOW HITPOINT WARNING * * *
Unknown command.
You claw Menkaure!
Menkaure is almost destroyed.
Menkaure hits you!
You die...

#......# #......#
#(.....# #......#
#......# . #######......#
!..
#.......l...M#######..<..
#.####.#M####..c(........
#.# #...@.########..?...
#.# ###..## .....
#.######..# ....
#......#..# ...
#####.##..# .l #†##..# #
#.##..# #.##..# #.##.)#


You could see Menkaure (fast) and an iguana.

Vanquished Creatures
  Sigmund (D:4)
  Eustachio (D:6)
  2 ogres
  A centaur (D:6)
  Blork the orc (D:4)
  A bullfrog (D:6)
  A scorpion (D:6)
  2 centaur skeletons
  A howler monkey skeleton (D:4)
  5 gnolls
  7 adders
  2 white imps (D:6)
  An ufetubus (D:6)
  An ooze (D:3)
  An adder skeleton (D:3)
  A worm (D:3)
  3 dart slugs (D:1)
  6 leopard geckos
  3 orcs
  7 bats
  6 giant cockroaches
  8 goblins
  5 hobgoblins
  6 jackals
  3 quokkas
  2 ball pythons (D:1)
  5 frilled lizards
  4 kobolds
  7 rats
94 creatures vanquished.

Notes
Turn   | Place    | Note
-------+----------+-------------------------------------------
     0 | D:1      | ythm the Troll Hunter began the quest for the Orb.
     0 | D:1      | Reached XP level 1. HP: 19/19 MP: 0/0
    28 | D:1      | Reached skill level 1 in Unarmed Combat
    73 | D:1      | Reached XP level 2. HP: 27/27 MP: 1/1
    99 | D:1      | Reached skill level 2 in Unarmed Combat
   552 | D:1      | Reached XP level 3. HP: 31/33 MP: 2/2
   771 | D:2      | Reached skill level 3 in Unarmed Combat
  1667 | D:3      | Reached XP level 4. HP: 31/41 MP: 3/3
  1848 | D:3      | Reached skill level 4 in Unarmed Combat
  1886 | D:3      | Found an iron altar of Okawaru.
  1930 | D:3      | Found a snail-covered altar of Cheibriados.
  2467 | D:4      | Found Vileommo's Assorted Antiques.
  2477 | D:4      | Bought a green potion for 15 gold pieces
  2477 | D:4      | Bought an iron ring for 85 gold pieces
  2477 | D:4      | Bought a scroll labelled ARRAV QOFEN for 17 gold pieces
  2477 | D:4      | Bought a dark potion for 15 gold pieces
  2477 | D:4      | Bought a dark potion for 15 gold pieces
  2494 | D:4      | Reached XP level 5. HP: 48/48 MP: 4/4
  2503 | D:4      | You fall into a shaft and drop 1 floor!
  2503 | D:5      | Entered Level 5 of the Dungeon
  2639 | D:4      | Found Akughoit's Assorted Antiques.
  2653 | D:4      | Noticed Sigmund
  2665 | D:4      | Killed Sigmund
  2666 | D:4      | Reached skill level 6 in Unarmed Combat
  2666 | D:4      | Reached XP level 6. HP: 52/55 MP: 5/5
  2836 | D:4      | Found Ixkaluirr's Weapon Shoppe.
  2965 | D:4      | Noticed Blork the orc
  2975 | D:4      | Killed Blork the orc
  2976 | D:4      | Reached skill level 7 in Unarmed Combat
  3256 | D:5      | Reached XP level 7. HP: 62/62 MP: 6/6
  3261 | D:5      | Noticed Prince Ribbit
  3265 | D:5      | Noticed Duvessa
  3322 | D:6      | Reached skill level 8 in Unarmed Combat
  3431 | D:6      | Found a sparkling altar of Nemelex Xobeh.
  3448 | D:6      | Noticed Eustachio
  3461 | D:6      | Killed Eustachio
  3540 | D:6      | Noticed Menkaure
  3558 | D:6      | Reached skill level 9 in Unarmed Combat
  3561 | D:6      | Slain by Menkaure

Illustrated notes

Levels and vault maps discovered:
D:1:      dpeg_arrival_long_road, layout_loops_cross
D:2:      layout_basic
D:3:      minmay_general_purpose_star, layout_basic,
          nicolae_overflow_hidden_temple, cheibriados_altar_1
D:4:      layout_loops_ring, serial_shops,
          nicolae_shop_temple_entry_statues_fountains, shop_fountains, shop,
          uniq_sigmund, uniq_blork_the_orc
D:5:      layout_loops_cross, bloody_makhleb, st_stairs_12, uniq_duvessa,
          uniq_prince_ribbit1, uniq_pikel
D:6:      layout_basic, grunt_temple_overflow_growth_and_decay,
          kennysheep_mini_moat, serial_curves, eino_curves_04, eino_curves_03,
          chequers_ossuary_entry_cave, minmay_crystal_water,
          chequers_serial_rivers_micro_c, uniq_menkaure, uniq_eustachio

Skill      XL: |  1  2  3  4  5  6  7 |
---------------+----------------------+-----
Unarmed Combat | 1 2 3 4 6 7 9 |  9.0
Fighting       | |  1.5
Throwing       | |  3.6
Dodging        | |  1.5
Stealth        | |  0.3

Action                   |  1- 3 |  4- 6 |  7- 9 || total
-------------------------+-------+-------+-------++-------
Melee: Short sword       |    72 |       |       ||    72
       Punch             |     3 |     3 |     1 ||     7
       Unarmed           |    42 |   108 |    55 ||   205
Throw: Large rock        |       |       |     1 ||     1
  Use: Scroll            |     2 |     5 |     3 ||    10
       Potion            |       |       |     1 ||     1
 Stab: Sleeping          |     3 |     1 |       ||     4
Armor: Robe              |    46 |    30 |    14 ||    90
Dodge: Dodged            |    54 |    59 |    35 ||   148
